 Dungeon Crawl Stone Soup version 0.17-a0-1910-g4c791fa (webtiles) character file.

11893 Kusio the Bludgeoner (level 11, -11/120 HPs)
             Began as an Ogre Berserker on Sept 26, 2015.
             Was a High Priest of Trog.
             Killed from afar by a deep troll earth mage (17 damage)
             ... with a blast of rock fragments
             ... on level 11 of the Dungeon.
             The game lasted 00:55:57 (10434 turns).

Kusio the Bludgeoner (Ogre Berserker)              Turns: 10434, Time: 00:55:57

Health: -11/120    AC:  6    Str: 25    XL:     11   Next: 84%
Magic:  3/3        EV: 10    Int:  6    God:    Trog [*****.]
Gold:   696        SH:  0    Dex: 14    Spells: 0 memorised, 10 levels left

rFire  . . .     SeeInvis .     v - +2 flail (antimagic)
rCold  . . .     Clarity  .     Q - +2 robe {MR+}
rNeg   . . .     SustAt   .     (no shield)
rPois  +         Gourm    .     (helmet restricted)
rElec  .         Spirit   .     l - +0 cloak
rCorr  .         Warding  .     (gloves unavailable)
rMut   .         Stasis   .     (boots unavailable)
MR     ++...                    (no amulet)
Stlth  +.........               I - +3 ring of dexterity
                                m - ring of poison resistance

@: very resistant to hostile enchantments, very unstealthy
A: unfitting armour, tough skin 1
a: Burn Spellbooks, Berserk, Trog's Hand, Brothers in Arms, Renounce Religion


You were on level 11 of the Dungeon.
You worshipped Trog.
Trog was extremely pleased with you.
You were near starving.

You visited 2 branches of the dungeon, and saw 12 of its levels.
You also visited: Ossuary.

You collected 696 gold pieces.

Inventory:

Hand weapons
 v - a +2 antimagic flail (weapon)
 y - a cursed -2 giant spiked club
Missiles
 b - 4 large rocks (quivered)
 x - 4 javelins of penetration
 B - 7 curare-tipped needles
 K - 9 exploding tomahawks
 O - 4 javelins of returning
 S - 8 needles of paralysis
Armour
 l - a +0 cloak (worn)
 Q - a +2 robe of magic resistance (worn)
Jewellery
 d - an uncursed ring of see invisible
 m - a ring of poison resistance (left hand)
 r - a +2 ring of intelligence
 s - an uncursed ring of sustain attributes
 C - an uncursed ring of protection from magic
 I - a +3 ring of dexterity (right hand)
Magical devices
 q - a wand of draining (8)
 t - a wand of polymorph (11)
 w - a wand of fire (0)
 R - a wand of fire (3)
Scrolls
 g - a scroll of remove curse
 i - 6 scrolls of teleportation
 j - a scroll of holy word {unknown}
 k - 4 scrolls of enchant weapon
 u - 5 scrolls of fear
 z - 3 scrolls of enchant armour
 D - 3 scrolls of fog
 J - a scroll of acquirement {unknown}
 L - 2 scrolls of magic mapping
 P - a scroll of recharging
Potions
 e - 2 potions of invisibility
 f - 4 potions of agility
 h - a potion of haste
 n - 2 potions of brilliance
 p - 8 potions of curing
 G - 2 potions of flight
 H - a potion of cancellation
 M - a potion of resistance
Comestibles
 a - 6 meat rations
 c - 8 bread rations
 o - 4 chunks of flesh
 E - 3 beef jerkies
 F - 7 slices of pizza
 T - 3 fruits


   Skills:
 - Level 11.1 Fighting
 * Level 18.7 Maces & Flails
 + Level 9.9 Throwing
 - Level 2.6 Dodging


You had 10 spell levels left.
You didn't know any spells.

Dungeon Overview and Level Annotations

Branches:
Dungeon (11/15)            Temple (0/1) D:4            Lair (0/8) D:8
    Orc (1/4) D:9

Altars:
Ashenzari
Cheibriados
Dithmenos
Fedhas
Gozag
Okawaru
Sif Muna
Trog
Vehumet
Xom
The Shining One
Beogh

Shops:
D:7 =   D:10 (

Annotations:
D:11 Grum


Innate Abilities, Weirdness & Mutations

You are too large for most types of armour.
You have tough skin (AC +1).


Message History

* * * LOW HITPOINT WARNING * * *
Items here: ) [ †† a scimitar; a chain mail; an orc corpse; a worker ant corpse You swap places.
The wall shatters!
The blast of rock fragments hits your ogre.
You hear a shout!
Use which ability?
Your iron troll goes berserk!
You are near starving!
Your ogre closely misses the deep troll earth mage.
The deep troll earth mage gestures next to you while chanting.
The wall shatters!
The blast of rock fragments hits your iron troll.
The blast of rock fragments hits you!
* * * LOW HITPOINT WARNING * * *
You feel less exhausted.
Your ogre hits the deep troll earth mage with a giant club!!
The deep troll earth mage points next to you and mumbles some strange words.
The wall shatters!
The blast of rock fragments hits you!
You die...

#.........########.#######.##
#...).....# #.#######.#.
#.........# #.#.......#.
#.........# #....######.
#.........# #....'......
#.........### #...(#######
≈≈≈...........## #.....#####..
≈≈≈≈......|.#..# #.#.?......#.#
≈≈≈≈##########@##.##........'.#
≈≈≈# ##...# #........### ≈≈#
#T..## #........### ####O##
##..........<
$##.##C#T.##[##........###
.)..)..T(....##........#
$##.##.##(##$##........# ## #.#
##.######## /./ #.#


You could see a deep troll earth mage, a friendly iron troll (berserk) and a
friendly ogre (berserk).

Vanquished Creatures
  Erica (D:10)
  2 unseen horrors (D:10)
  An ugly thing (D:11)
  2 cyclopes
  A naga mage (D:10)
  A troll (D:10)
  4 polar bears
  A two-headed ogre (D:11)
  A yak (D:9)
  A shadow (D:11)
  A human (D:7)
  A hippogriff (D:10)
  Eustachio (D:6)
  A deep elf mage (D:11)
  A wolf (D:10)
  7 orc warriors
  3 phantoms
  2 water moccasins
  Purgy (D:5)
  2 ice beasts
  3 sky beasts
  4 black bears
  The ghost of donomii the Skirmisher, an average DsAK of Lugonu (D:4)
  An eye of draining (D:10)
  A necrophage (D:4)
  6 ogres
  4 centaurs
  2 big kobolds (D:8)
  6 giant frogs
  A water moccasin zombie (D:6)
  A wyvern skeleton (D:8)
  4 scorpions
  4 killer bees (D:10)
  A quasit (D:7)
  A centaur zombie (D:10)
  2 giant frog zombies (D:7)
  7 orc priests
  3 hounds
  2 jellies
  Crazy Yiuf (D:2)
  2 crimson imps
  Natasha (thrice) (D:4)
  8 orc wizards
  7 worker ants
  6 sheep
  A giant frog simulacrum (D:9)
  A big kobold zombie (Ossuary)
  8 mummies (Ossuary)
  A worker ant zombie (D:10)
  8 adders
  3 gnolls (D:5)
  2 shadow imps
  An adder zombie (D:8)
  An ooze (D:2)
  2 adder skeletons
  A worm (D:2)
  4 giant geckos
  26 orcs
  3 ball pythons
  9 bats
  8 giant cockroaches
  7 goblins
  9 hobgoblins
  4 jackals (D:5)
  17 kobolds
  9 quokkas
  A ball python skeleton (D:4)
  A giant gecko zombie (D:8)
  4 giant newts
  2 gnoll zombies (Ossuary)
  4 hobgoblin zombies (Ossuary)
  An orc zombie (Ossuary)
  6 rats
260 creatures vanquished.

Notes
Turn   | Place    | Note
--------------------------------------------------------------
     0 | D:1      | Kusio the Ogre Berserker began the quest for the Orb.
     0 | D:1      | Reached XP level 1. HP: 24/24 MP: 1/1
   369 | D:1      | Reached XP level 2. HP: 30/32 MP: 2/2
   573 | D:1      | Reached skill level 5 in Maces & Flails
   820 | D:2      | Reached XP level 3. HP: 29/39 MP: 3/3
   911 | D:2      | Acquired Trog's second power
   999 | D:2      | Reached skill level 6 in Maces & Flails
  1058 | D:2      | Noticed Crazy Yiuf
  1235 | D:2      | Killed Crazy Yiuf
  1235 | D:2      | Reached XP level 4. HP: 42/48 MP: 4/4
  1280 | D:2      | Found a faded altar to an unknown god.
  1878 | D:3      | Noticed Purgy
  1911 | D:3      | Found a snail-covered altar of Cheibriados.
  2020 | D:3      | Reached skill level 7 in Maces & Flails
  2300 | D:3      | You fall through a shaft for 3 floors!
  2311 | D:6      | Found an opulent altar of Gozag.
  2359 | D:6      | Reached XP level 5. HP: 47/54 MP: 5/5
  2395 | D:6      | Noticed a sky beast
  2471 | D:7      | Noticed an ogre
  2478 | D:7      | Killed an ogre
  2478 | D:7      | Reached skill level 8 in Maces & Flails
  2478 | D:7      | Reached XP level 6. HP: 62/62 MP: 2/6
  2673 | D:7      | Reached skill level 9 in Maces & Flails
  2703 | D:8      | Found a shattered altar of Ashenzari.
  2796 | D:5      | Entered Level 5 of the Dungeon
  2851 | D:5      | Reached skill level 10 in Maces & Flails
  2851 | D:5      | Reached XP level 7. HP: 47/70 MP: 2/7
  2919 | D:4      | Found a staircase to the Ecumenical Temple.
  2982 | D:4      | Found a glowing golden altar of the Shining One.
  3011 | D:4      | Noticed Natasha
  3017 | D:4      | Killed Natasha
  3095 | D:4      | Noticed Natasha
  3100 | D:4      | Killed Natasha
  3119 | D:4      | Found a sand-covered staircase.
  3123 | Ossuary  | Entered an ossuary
  3140 | Ossuary  | Reached skill level 11 in Maces & Flails
  3810 | D:4      | Noticed Natasha
  3816 | D:4      | Killed Natasha
  4027 | D:4      | Noticed donomii's ghost (average DsAK)
  4034 | D:4      | Killed donomii's ghost
  4034 | D:4      | Reached XP level 8. HP: 73/78 MP: 0/8
  4787 | D:5      | Reached skill level 10 in Fighting
  4787 | D:5      | Reached skill level 14 in Maces & Flails
  4787 | D:5      | Reached XP level 9. HP: 84/101 MP: 3/9
  5181 | D:5      | Killed Purgy
  5336 | D:5      | Found a bloodstained altar of Trog.
  5343 | D:5      | Found a shadowy altar of Dithmenos.
  5353 | D:5      | Found a shimmering altar of Xom.
  5443 | D:6      | Noticed a water moccasin
  5451 | D:6      | Killed a water moccasin
  5451 | D:6      | Reached skill level 15 in Maces & Flails
  5463 | D:6      | Noticed a centaur
  5470 | D:6      | Killed a centaur
  5487 | D:6      | Noticed an orc warrior
  5488 | D:6      | Noticed Eustachio
  5499 | D:6      | Killed an orc warrior
  5539 | D:6      | Killed Eustachio
  5539 | D:6      | Acquired Trog's third power
  5636 | D:6      | Killed a sky beast
  5677 | D:6      | Noticed a giant frog
  5679 | D:6      | Noticed a black bear
  5683 | D:6      | Killed a black bear
  5684 | D:6      | Killed a giant frog
  5932 | D:6      | Noticed a phantom
  5945 | D:6      | Killed a phantom
  6065 | D:7      | Noticed a centaur
  6070 | D:7      | Killed a centaur
  6070 | D:7      | Received a gift from Trog
  6091 | D:7      | Found a radiant altar of Vehumet.
  6231 | D:7      | Found Kirotim's Jewellery Emporium.
  6403 | D:7      | Noticed an orc warrior
  6410 | D:7      | Killed an orc warrior
  6430 | D:7      | Noticed an ice beast
  6434 | D:7      | Killed an ice beast
  6434 | D:7      | Reached skill level 16 in Maces & Flails
  6434 | D:7      | Reached XP level 10. HP: 70/110 MP: 3/10
  6500 | D:7      | Noticed a human
  6517 | D:7      | Killed a human
  6853 | D:8      | Found an iron altar of Okawaru.
  6867 | D:8      | Found a staircase to the Lair.
  6975 | D:8      | Found a blossoming altar of Fedhas.
  7570 | D:9      | Received a gift from Trog
  7813 | D:9      | Found a staircase to the Orcish Mines.
  7826 | D:9      | Found a roughly hewn altar of Beogh.
  7847 | D:9      | Found a deep blue altar of Sif Muna.
  8435 | D:9      | Received a gift from Trog
  8445 | D:9      | Reached skill level 17 in Maces & Flails
  8499 | D:9      | Noticed a cyclops
  8521 | Orc:1    | Entered Level 1 of the Orcish Mines
  8751 | D:9      | Received a gift from Trog
  8752 | D:9      | Killed a cyclops
  8752 | D:9      | Reached XP level 11. HP: 79/120 MP: 3/11
  8961 | D:10     | Entered Level 10 of the Dungeon
  9043 | D:10     | Found Gioducir's Weapon Emporium.
  9186 | D:10     | Noticed an unseen horror
  9191 | D:10     | Killed an unseen horror
  9211 | D:10     | Noticed Erica
  9281 | D:10     | Killed Erica
  9454 | D:10     | Reached skill level 18 in Maces & Flails
  9558 | D:10     | Noticed an unseen horror
  9560 | D:10     | Killed an unseen horror
  9740 | D:10     | Received a gift from Trog
  9946 | D:11     | Noticed Grum
 10428 | D:11     | Noticed a deep troll earth mage
 10433 | D:11     | HP: 6/120 [deep troll earth mage/blast of rock fragments (8)]
 10434 | D:11     | Killed from afar by a deep troll earth mage

Vault maps used:
D:1:      dpeg_arrival_water_fire
D:2:      ecumenical_altar_1, bh_walls_and_bars, uniq_crazy_yiuf_cottage
D:3:      overflow_temple_1_default, minmay_stone_trees_small,
          kennysheep_generic_room_9, uniq_purgy
D:4:      kennysheep_little_box, temple_statues, nicolae_ossuary_entry_plus,
          portal_sewer_entry_b, uniq_natasha
D:5:      minmay_overflow_temple_star_quad, first_bread, minivault_23
D:6:      kennysheep_mini_moat, hangedman_decor_opposing, uniq_eustachio
D:7:      kennysheep_six_static_rooms, lemuel_crystal_altar, serial_shops, shop,
          minmay_fountain_box, grunt_livestock
D:8:      ashenzari_altar_1, lemuel_round_altar, okawaru_trees_1, lair_0_dummy,
          minmay_unpleasant_kobolds
D:9:      lemuel_upstairs_altar, led_sif_book, minmay_orc_entry_temple_small,
          serial_ice, serial_ice_c, serial_ice_a, serial_ice_m, serial_ice_b
D:10:     serial_shops, nicolae_shop_behind_doors, minmay_librarian, uniq_erica
D:11:     hangedman_cross_veins, basic_altar, grunt_dithmenos_smoke_and_mirrors,
          uniq_psyche, uniq_grum
Orc:1:    mines_bat_river
Ossuary:  ossuary_tomb_3

Action                   |  1- 3 |  4- 6 |  7- 9 | 10-12 || total
-------------------------+-------+-------+-------+-------++-------
Melee: Mace              |    97 |   100 |       |       ||   197
       Flail             |       |    36 |   253 |   314 ||   603
Throw: Javelin           |       |     3 |    23 |    50 ||    76
       Tomahawk          |       |       |       |     6 ||     6
       Large rock        |       |       |       |     2 ||     2
Invok: Berserk           |     2 |     1 |     2 |     4 ||     9
       Burn Spellbooks   |       |     1 |       |     3 ||     4
       Trog's Hand       |       |       |       |     1 ||     1
       Brothers in Arms  |       |       |       |     2 ||     2
Evoke: Wand              |       |       |       |    16 ||    16
  Use: Scroll            |     3 |     2 |    14 |     7 ||    26
       Potion            |     1 |     2 |     4 |     2 ||     9
 Stab: Sleeping          |     1 |     2 |     1 |       ||     4
  Eat: Chunk             |     1 |     8 |    11 |    14 ||    34
       Fruit             |     1 |       |     2 |       ||     3
       Royal jelly       |       |       |       |     1 ||     1
